 Dungeon Crawl Stone Soup version 0.23-a0-629-gae4348f6cf (webtiles) character file.

85 Napalmbreeze the Poker (level 4, -2/34 HPs)
             Began as a Demonspawn Gladiator on Dec 26, 2018.
             Slain by an orc priest (3 damage)
             ... on level 3 of the Dungeon.
             The game lasted 00:05:00 (2207 turns).

Napalmbreeze the Poker (Demonspawn Gladiator)       Turns: 2207, Time: 00:05:02

Health: -2/34      AC:  9    Str: 15    XL:     4   Next: 25%
Magic:  4/4        EV: 11    Int: 14    God:
Gold:   213        SH:  0    Dex: 15    Spells: 3/3 levels left

rFire    + . .     SeeInvis .   a - +0 trident
rCold    . . .     Gourm    .   (no shield)
rNeg     . . .     Faith    .   E - +0 scale mail
rPois    .         Spirit   .   c - +0 helmet
rElec    .         Reflect  .   (no cloak)
rCorr    .         Harm     .   (no gloves)
MR       +....                  (no boots)
Stlth    ..........             B - amulet of rage
HPRegen  0.11/turn              e - ring of protection from fire
MPRegen  0.09/turn              x - ring of protection from magic

@: brilliant
A: thin metallic scales 1, spiny 1
a: Evoke Berserk Rage


You were on level 3 of the Dungeon.
You were not hungry.

You visited 1 branch of the dungeon, and saw 4 of its levels.

You collected 213 gold pieces.

Inventory:

Hand Weapons
 a - a +0 trident (weapon)
Missiles
 d - 3 throwing nets (quivered)
Armour
 c - a +0 helmet (worn)
 E - a +0 scale mail (worn)
Jewellery
 e - a ring of protection from fire (left hand)
 n - an uncursed ring of stealth
 x - a ring of protection from magic (right hand)
 B - an amulet of rage (around neck)
Wands
 s - a wand of random effects (20)
 D - a wand of polymorph (9)
Scrolls
 b - a scroll of enchant weapon {unknown}
 g - a scroll of remove curse {unknown}
 h - 2 scrolls of identify {unknown}
 i - 2 scrolls of noise {unknown}
 o - 3 scrolls of teleportation {unknown}
 q - a scroll of random uselessness {unknown}
 w - a scroll of amnesia {unknown}
 y - 2 scrolls of fear {unknown}
 z - a scroll of fog {unknown}
 C - a scroll of enchant armour {unknown}
Potions
 j - a potion of agility {unknown}
 l - a potion of flight {unknown}
 m - a potion of degeneration {unknown}
 p - a potion of lignification {unknown}
 r - a potion of magic {unknown}
 t - a potion of brilliance
 u - a potion of invisibility {unknown}
 v - a potion of curing {unknown}
Comestibles
 f - 4 rations


   Skills:
 + Level 2.6 Fighting
 * Level 3.6 Polearms
 - Level 1.7 Throwing
 + Level 1.3 Armour
 + Level 3.1 Dodging


You had 3 spell levels left.
You didn't know any spells.
Your spell library was empty.

Dungeon Overview and Level Annotations

Branches:
Dungeon (4/15)
 Temple: D:4-7

Altars:
Dithmenos
Elyvilon


Innate Abilities, Weirdness & Mutations

You are partially covered in thin metallic scales. (AC +2)
You are partially covered in sharp spines.


Message History

The orc priest hits you but does no damage.
The orc barely misses you. The orc hits you with a +0 mace.
* * * LOW HITPOINT WARNING * * *
The orc closely misses you.
You completely miss the orc.
The orc is heavily wounded.
The orc hits you but does no damage. The orc priest hits you.
* * * LOW HITPOINT WARNING * * *
The orc misses you. The orc hits you but does no damage.
Unknown command.
Your scale mail prevents you from hitting the orc.
The orc is heavily wounded.
The orc closely misses you.
The orc priest calls upon Beogh to heal the orc.
The orc's wounds heal themselves!
The orc is struck by your spines. The orc hits you but does no damage.
The orc is struck by your spines. The orc hits you but does no damage. x2
The orc priest is struck by your spines.
The orc priest hits you.
You die...

#.# ######'###
#.####........#
#....#........#
#....#........#
#.[..#........# ###########
#....#........# #..........
#.......###+### #..........
#.......###o######..........
#.......'.o@o...............
##......###o######..........
#.....รท# #.............)...
####...# #.########........
#...# #.########...#....
#...# #.#.........#.#...
##### #..........#._.#(.
###.######..#.#..#
#.#.<......#...#


You could see an orc priest and 3 orcs.

Vanquished Creatures
  3 adders (D:3)
  3 dart slugs
  5 orcs (D:3)
  3 bats
  2 giant cockroaches
  4 goblins
  3 hobgoblins
  4 jackals (D:1)
  7 kobolds
  2 quokkas
  A ball python (D:2)
  8 rats
45 creatures vanquished.

Notes
Turn   | Place    | Note
-------+----------+-------------------------------------------
     0 | D:1      | Napalmbreeze the Demonspawn Gladiator began the quest for
                  | the Orb.
     0 | D:1      | Reached XP level 1. HP: 16/16 MP: 1/1
   349 | D:1      | Gained mutation: You are partially covered in thin metallic
                  | scales. (AC +2) [demonic ancestry]
   349 | D:1      | Reached XP level 2. HP: 22/22 MP: 2/2
   941 | D:2      | Gained mutation: You are partially covered in sharp spines.
                  | [demonic ancestry]
   941 | D:2      | Reached XP level 3. HP: 26/28 MP: 3/3
  1065 | D:2      | Found a white marble altar of Elyvilon.
  1144 | D:2      | Reached skill level 1 in Armour
  1594 | D:3      | Found a faded altar of an unknown god.
  1789 | D:3      | Reached XP level 4. HP: 33/34 MP: 4/4
  1981 | D:3      | Found a shadowy altar of Dithmenos.
  2205 | D:3      | HP: 1/34 [orc/+0 mace (6)]
  2207 | D:3      | Slain by an orc priest

Vault maps used:
D:1:      wander_arrival_estate, hangedman_decor_peaks_small,
          roderic_roman_lattice
D:2:      elyvilon_altar_5
D:3:      marbit_many_paths, chequers_ecumenical_altar_simple_redux
D:4:      first_ration, uniq_pikel, uniq_edmund, uniq_crazy_yiuf_cottage,
          uniq_grinder

Skill      XL: |  1  2  3 |
---------------+----------+-----
Polearms       | 3 |  3.6
Dodging        | 3 |  3.1
Armour         | 1 |  1.3
Fighting       | |  2.6
Throwing       | |  1.7

Action                   |  1- 3 |  4- 6 || total
-------------------------+-------+-------++-------
Melee: Trident           |   101 |    23 ||   124
  Use: Potion            |       |     1 ||     1
 Stab: Sleeping          |     5 |       ||     5
       Distracted        |     2 |       ||     2
  Eat: Chunk             |     3 |     1 ||     4
Armor: Leather armour    |    12 |       ||    12
       Ring mail         |     4 |       ||     4
       Scale mail        |       |    19 ||    19
Dodge: Dodged            |    44 |    21 ||    65

Table legend:
 A = Non-vault XP
 B = Vault XP
 C = Vault XP percentage of total XP
 D = Non-vault monster count
 E = Vault monster count
 F = Vault count percentage of total count
                 A         B        C        D         E       F
            +---------+---------+-------+---------+---------+-------
      Total |     119 |       3 |   2.5 |      44 |       1 |   2.2
            +---------+---------+-------+---------+---------+-------
        D:1 |      33 |       0 |   0.0 |      16 |       0 |   0.0
        D:2 |      21 |       0 |   0.0 |      11 |       0 |   0.0
        D:3 |      65 |       3 |   4.4 |      17 |       1 |   5.6
            +---------+---------+-------+---------+---------+-------
